 Dungeon Crawl Stone Soup version 0.20.1-1-g8b1a95d (webtiles) character file.

978 Irenicus the Grappler (level 7, -5/66 HPs)
             Began as a Troll Chaos Knight on Oct 18, 2017.
             Slain by a shadow (7 damage)
             ... summoned by the capriciousness of Xom
             ... on level 5 of the Dungeon.
             The game lasted 00:05:51 (3473 turns).

Irenicus the Grappler (Troll Chaos Knight)          Turns: 3473, Time: 00:05:52

Health: -5/66      AC:  7    Str: 26    XL:     7   Next: 95%
Magic:  0/6        EV: 10    Int: 10    God:    Xom [*.....]
Gold:   252        SH:  0    Dex: 15    Spells: 6/6 levels left

rFire    . . .     SeeInvis .     - Unarmed
rCold    . . .     Gourm    +   (no shield)
rNeg     . . .     Faith    .   a - +2 robe
rPois    .         Spirit   +   (helmet restricted)
rElec    .         Reflect  .   (no cloak)
rCorr    .         Harm     .   (gloves unavailable)
MR       .....     Rnd*Rage +   (boots unavailable)
Stlth    +.........             k - amulet of guardian spirit
Regen    0.7/turn               f - +4 ring of intelligence
MPRegen  0.1/turn               s - +4 ring of dexterity

@: mighty
A: unfitting armour, claws 3, berserk 1, dopey 1, fast metabolism 3, gourmand,
regeneration 1, shaggy fur 1, tough skin 2
a: Renounce Religion


You were on level 5 of the Dungeon.
You worshipped Xom.
You were a special plaything of Xom.
You were not hungry.

You visited 1 branch of the dungeon, and saw 5 of its levels.

You collected 252 gold pieces.

Inventory:

Armour
 a - a +2 robe (worn)
Jewellery
 f - a +4 ring of intelligence (left claw)
 k - an amulet of guardian spirit (around neck)
 s - a +4 ring of dexterity (right claw)
 u - an uncursed ring of see invisible {unknown}
Scrolls
 d - a scroll of recharging {unknown}
 g - a scroll of enchant weapon {unknown}
 h - 2 scrolls of noise {unknown}
 n - 3 scrolls of identify {unknown}
 p - 4 scrolls of fear {unknown}
 t - a scroll of random uselessness {unknown}
 v - a scroll of remove curse {unknown}
 w - a scroll of teleportation {unknown}
Potions
 c - a potion of haste {unknown}
 e - a potion of might
 i - 2 potions of curing {unknown}
 j - a potion of ambrosia {unknown}
 l - a potion of mutation {unknown}
 r - a potion of agility {unknown}
Comestibles
 b - 7 bread rations
 m - 2 meat rations
 o - a fruit
 q - a royal jelly


   Skills:
 - Level 2.4 Fighting
 - Level 1.9 Dodging
 + Level 9.7 Unarmed Combat


You had 6 spell levels left.
You didn't know any spells.

Dungeon Overview and Level Annotations

Branches:
Dungeon (5/15)             Temple (0/1) D:4

Altars:
Gozag
Nemelex Xobeh
Qazlal
Xom
Yredelemnul
The Shining One


Innate Abilities, Weirdness & Mutations

You are too large for most types of armour.
You have claws for hands.
Your metabolism is lightning-fast.
You like to eat raw meat.
Your natural rate of healing is unusually fast.
You are covered in fur. (AC +1)
You have very tough skin. (AC +2)
You tend to lose your temper in combat.
You are dopey. (Int -2)


Message History

The orc priest is severely wounded.
The orc priest hits you but does no damage.
The shadow hits you. x2
You claw the orc priest!
You kill the orc priest!
The shadow slips into darkness.
The shadow flickers and vanishes!
Deactivating autopickup; reactivate with Ctrl-A.
Things that are here:
a dagger; a robe The shadow slips into darkness.
The shadow flickers and vanishes!
The shadow strikes at you from the darkness!
* * * LOW HITPOINT WARNING * * *
Reactivating autopickup.
It was a potion of might.
You feel very mighty all of a sudden.
The shadow strikes at you from the darkness!
The shadow hits you!
You die...

##......###..##.#
#..#....##.## .#
#..####....# .## #
##.#####...## ..###.
...........###......
...........).....#
###........))....##
#...........W.##
...##......W@.# ...
####..##..# ..
#..###..# #...# ..#
#[.## ... ##. ....
....# ...##


You could see 2 shadows.

Vanquished Creatures
  Grinder (D:3)
  A water moccasin (D:3)
  A phantom (D:4)
  The ghost of Irenicus the Insei, an amateur OpCK of Xom (D:3)
  Blork the orc (D:4)
  A scorpion (D:4)
  2 orc priests
  4 orc wizards
  2 iguanas (D:4)
  8 adders
  A shadow imp (D:4)
  An ooze (D:3)
  4 dart slugs
  A leopard gecko (D:4)
  12 orcs
  3 giant cockroaches (D:3)
  14 goblins
  6 hobgoblins
  2 jackals (D:1)
  7 kobolds
  2 quokkas (D:2)
  A ball python (D:2)
  7 bats
  5 frilled lizards
  A jackal skeleton (D:4)
  7 rats
  A spectral orc (D:2)
97 creatures vanquished.

Notes
Turn   | Place    | Note
-------+----------+-------------------------------------------
     0 | D:1      | Irenicus the Troll Chaos Knight began the quest for the Orb.
     0 | D:1      | Reached XP level 1. HP: 22/22 MP: 0/0
     2 | D:1      | Noticed a merfolk
     2 | D:1      | Noticed a vine stalker
     4 | D:1      | Noticed a gargoyle
     4 | D:1      | Noticed an octopode
     6 | D:1      | Noticed a vampire
     6 | D:1      | Noticed a ghoul
     8 | D:1      | Noticed an elf
     8 | D:1      | Noticed a demonspawn
    10 | D:1      | Noticed an ogre
    12 | D:1      | Noticed a formicid
    12 | D:1      | Noticed a halfling
    14 | D:1      | Noticed a felid
    14 | D:1      | Noticed a naga
    16 | D:1      | Noticed a human
    18 | D:1      | Noticed a dwarf
    20 | D:1      | Noticed a minotaur
    22 | D:1      | Noticed a tengu
    22 | D:1      | Noticed a demigod
    24 | D:1      | Noticed a centaur
    24 | D:1      | Noticed a spriggan
    26 | D:1      | Noticed a troll
    26 | D:1      | Noticed a draconian
   104 | D:1      | Reached XP level 2. HP: 29/29 MP: 1/1
   172 | D:1      | XOM: silly message
   193 | D:1      | XOM: divination: detect creatures
   302 | D:1      | XOM: scenery: create altars
   449 | D:1      | Reached skill level 4 in Unarmed Combat
   776 | D:2      | XOM is BORED!
   776 | D:2      | XOM: noise
   780 | D:2      | Reached XP level 3. HP: 36/36 MP: 2/2
   878 | D:2      | XOM: 1-stop teleportation journey
   971 | D:2      | XOM is BORED!
   971 | D:2      | XOM: mild Necr miscast
   985 | D:2      | XOM: give mutations
   985 | D:2      | Gained mutation: You tend to lose your temper in combat. [Xom's mischief]
   985 | D:2      | Gained mutation: You are dopey. (Int -2) [Xom's mischief]
  1087 | D:2      | XOM: potion effect (brilliance)
  1090 | D:2      | Reached XP level 4. HP: 33/44 MP: 1/3
  1148 | D:2      | Found a stormy altar of Qazlal.
  1180 | D:2      | Found a basalt altar of Yredelemnul.
  1234 | D:2      | Reached skill level 5 in Unarmed Combat
  1440 | D:2      | Found a sparkling altar of Nemelex Xobeh.
  1876 | D:3      | Found a glowing golden altar of the Shining One.
  2035 | D:3      | XOM: chaos upgrade
  2096 | D:3      | Noticed Grinder
  2105 | D:3      | XOM: smoke on damage
  2106 | D:3      | Killed Grinder
  2106 | D:3      | Reached skill level 7 in Unarmed Combat
  2106 | D:3      | Reached XP level 5. HP: 18/50 MP: 1/4
  2106 | D:3      | Reached XP level 6. HP: 22/59 MP: 1/5
  2506 | D:3      | Noticed a water moccasin
  2514 | D:3      | Killed a water moccasin
  2679 | D:3      | Noticed Irenicus's ghost (amateur OpCK)
  2681 | D:3      | Killed Irenicus's ghost
  2681 | D:3      | Reached skill level 8 in Unarmed Combat
  2681 | D:3      | Reached XP level 7. HP: 60/66 MP: 6/6
  2839 | D:4      | Found a staircase to the Ecumenical Temple.
  2839 | D:4      | XOM: 4-stop teleportation journey
  3048 | D:4      | Noticed Blork the orc
  3056 | D:4      | Killed Blork the orc
  3088 | D:4      | Reached skill level 9 in Unarmed Combat
  3090 | D:4      | Found an opulent altar of Gozag.
  3189 | D:4      | XOM: fake destruction
  3222 | D:4      | XOM: cloud trail
  3431 | D:5      | Entered Level 5 of the Dungeon
  3463 | D:5      | XOM: medium Necr miscast
  3464 | D:5      | Noticed a shadow
  3464 | D:5      | Noticed a shadow
  3472 | D:5      | HP: 2/66 [something (31)]
  3473 | D:5      | Slain by a shadow

Skill      XL: |  1  2  3  4  5  6  7 |
---------------+----------------------+-----
Unarmed Combat | 4 7 8 9 |  9.7
Fighting       | |  2.4
Dodging        | |  1.9

Action                   |  1- 3 |  4- 6 |  7- 9 || total
-------------------------+-------+-------+-------++-------
Melee: Unarmed           |    89 |   120 |    51 ||   260
       Punch             |     1 |     1 |     2 ||     4
  Use: Potion            |       |       |     1 ||     1
 Stab: Sleeping          |     1 |       |       ||     1
  Eat: Chunk             |    13 |     8 |     8 ||    29
       Fruit             |       |       |     2 ||     2
Armor: Robe              |    38 |    42 |    13 ||    93
Dodge: Dodged            |    43 |    48 |    23 ||   114
